 Dungeon Crawl Stone Soup version 0.26.0-16-gc1dbca0489 (webtiles) character file.

Game seed: 6488499614375113659

4837 DearestLeader the Geomancer (level 10, -20/56 HPs)
             Began as a Gargoyle Earth Elementalist on Jan 16, 2021.
             Was an Initiate of Vehumet.
             Killed from afar by a centaur (26 damage)
             ... with a bolt of acid
             ... on level 9 of the Dungeon on Jan 17, 2021.
             The game lasted 00:22:50 (10098 turns).

DearestLeader the Geomancer (GrEE)                 Turns: 10098, Time: 00:22:51

Health: -20/56     AC: 14    Str: 11    XL:     10   Next: 49%
Magic:  10/28      EV: 12    Int: 26    God:    Vehumet [......]
Gold:   170        SH: 11    Dex: 10    Spells: 7/21 levels left

rFire    . . .     SeeInvis .   u - +2 trident (protect)
rCold    . . .     Faith    .   n - +2 buckler
rNeg     + + .     Spirit   .   G - +0 robe {rN+}
rPois    ∞         Reflect  +   (no helmet)
rElec    +         Harm     .   y - +0 cloak
rCorr    .         Rampage  .   (no gloves)
Will     .....                  o - +0 pair of boots
Stlth    ++........             s - amulet of reflection
HPRegen  0.18/turn              k - +6 ring of intelligence
MPRegen  0.21/turn              v - ring of magical power

@: corroded, protection aura
A: negative energy resistance 1, electricity resistance, unbreathing,
petrification resistance, miasma immunity, AC +7
a: Renounce Religion


You were on level 9 of the Dungeon.
You worshipped Vehumet.
Vehumet was noncommittal.
You visited 2 branches of the dungeon, and saw 10 of its levels.

You collected 511 gold pieces.
You spent 341 gold pieces at shops.

Inventory:

Hand Weapons
 d - a +0 dagger
 u - a +2 trident of protection (weapon)
Missiles
 b - 162 stones
Armour
 c - a +0 robe
 n - a +2 buckler (worn)
 o - a +0 pair of boots (worn)
 y - a +0 cloak (worn)
 G - a +0 robe of positive energy (worn)
Jewellery
 k - a +6 ring of intelligence (left hand)
 s - an amulet of reflection (around neck)
 v - a ring of magical power (right hand)
 w - an uncursed ring of see invisible
 D - an uncursed ring of magical power
Wands
 A - a wand of polymorph (8)
 B - a wand of digging (4)
 H - a wand of acid (17)
 I - a wand of iceblast (11)
Scrolls
 a - 2 scrolls of amnesia
 f - 3 scrolls of enchant weapon
 i - 3 scrolls of blinking
 j - 6 scrolls of remove curse
 l - a scroll of enchant armour
 r - 2 scrolls of magic mapping {unknown}
 x - 5 scrolls of teleportation
 C - a scroll of silence {unknown}
 E - a scroll of fear {unknown}
Potions
 e - 3 potions of heal wounds
 g - 3 potions of flight
 h - a potion of invisibility {unknown}
 m - 3 potions of haste {unknown}
 p - a potion of lignification {unknown}
 q - a potion of might {unknown}
 t - a potion of mutation {unknown}
 z - 2 potions of curing
 F - a potion of brilliance {unknown}


   Skills:
 + Level 3.3 Fighting
 - Level 1.5 Dodging
 - Level 2.1 Stealth
 - Level 4.0 Shields
 + Level 6.3 Spellcasting
 + Level 6.2 Conjurations
 - Level 0.7 Transmutations
 * Level 13.3 Earth Magic


You had 7 spell levels left.
You knew the following spells:

 Your Spells              Type           Power        Failure   Level
a - Sandblast             Erth           100%         1%          1
b - Passwall              Tmut/Erth      36%          1%          2
c - Stone Arrow           Conj/Erth      100%         1%          3
d - Lee's Rapid Deconstr  Erth           33%          1%          5
e - Mephitic Cloud        Conj/Pois/Air  18%          9%          3

Your spell library contained the following spells:

 Spells                   Type           Power        Failure   Level
 Shock                    Conj/Air       96%          1%          1
 Petrify                  Tmut/Erth      44%          3%          4
 Sting                    Tmut/Pois      40%          6%          1
 Animate Skeleton         Necr           16%          7%          1
 Apportation              Tloc           16%          7%          1
 Corona                   Hex            8%           7%          1
 Summon Small Mammal      Summ           32%          7%          1
 Poisonous Vapours        Pois/Air       16%          11%         2
 Ignite Poison            Fire/Tmut/Pois 9%           19%         3
 Sticky Flame             Conj/Fire      24%          19%         4
 Confusing Touch          Hex            8%           21%         3
 Gell's Gravitas          Tloc           4%           21%         3
 Olgreb's Toxic Radiance  Pois           8%           56%         4
 Yara's Violent Unravell  Hex/Tmut       5%           85%         5
 Metabolic Englaciation   Hex/Ice        4%           88%         5
 Silence                  Hex/Air        4%           88%         5
 Freezing Cloud           Conj/Ice/Air   9%           99%         6


Dungeon Overview and Level Annotations

Branches:
Dungeon (9/15)             Temple (1/1) D:6            Lair (0/6) D:8
    Orc: D:9-12

Altars:
Ashenzari
Cheibriados
Dithmenos
Elyvilon
Fedhas
Gozag
Hepliaklqana
Kikubaaqudgha
Makhleb
Nemelex Xobeh
Okawaru
Qazlal
Ru
Sif Muna
Trog
Uskayaw
Vehumet
Wu Jian
Xom
Yredelemnul
Zin
The Shining One

Shops:
D:7 (?[   D:8 !(*[?

Annotations:
D:7 3 runed translucent doors, Acheron's ghost, novice TrFE; FreshCat's ghost, novice TeAE


Innate Abilities, Weirdness & Mutations

You are resistant to torment.
Your stone body is resilient. (AC +7)
You are immune to poison.
You resist negative energy. (rN+)
You are resistant to electric shocks. (rElec)
You can survive without breathing.
You are immune to petrification.
You are immune to miasma.


Message History

You see here an arrow.
The centaur shoots an arrow.
The arrow hits you but does no damage.
You see here an arrow.
The centaur zaps a wand.
The bolt of acid hits you! The acid corrodes you!
You are splashed with acid!
You reach to attack!
You hit the centaur.
Your weapon exudes an aura of protection.
The centaur is moderately wounded.
The centaur zaps a wand.
The bolt of acid hits you!
You are splashed with acid!
* * * LOW HITPOINT WARNING * * *
You are too injured to fight recklessly!
Casting: Stone Arrow (safe; 1% risk of failure)
Confirm with . or Enter, or press ? or * to list all spells.
Aiming: Stone Arrow (safe; 1% risk of failure)
Press: ? - help, Shift-Dir - straight line, f/p - centaur
Aim: a centaur, wielding a +0 shortbow, wearing an uncursed ring of ice, quivering 20 arrows and carrying a wand of acid (4) (moderately wounded, 13% to evade)
The stone arrow hits the centaur!
The centaur is severely wounded.
The centaur zaps a wand.
The bolt of acid hits you!!
You die...

#..............
#..............
##..............
####...............
#####..†.#..........<..
#.......###.....#.....#
..#...()####.##########
#...(.)#...##########
#...@.†..####.....##<
#...c>.#....#........
#.....)..##........##
#........###!......#
###...)#.....y#†####
#..#.(##..##..†.#
#.###.)#..###...##.$ #.
##..#...#....... .
##..._....#....


You could see a centaur.

Vanquished Creatures
  A two-headed ogre (D:8)
  A troll (D:9)
  Grinder (D:6)
  3 yaks (D:9)
  Edmund (D:6)
  Duvessa (D:6)
  An ice beast (D:7)
  2 sky beasts (D:6)
  A black bear (D:8)
  A hornet zombie (D:6)
  An orc warrior (D:6)
  3 phantoms
  2 ogres
  3 centaurs
  4 bullfrogs
  A wyvern skeleton (D:6)
  Dowan (D:6)
  3 scorpions
  5 killer bees (D:9)
  6 wights
  A centaur zombie (D:6)
  2 orc priests
  4 bullfrog skeletons
  4 hounds
  2 jellies (D:6)
  An orc wizard (D:4)
  A centaur skeleton (D:7)
  An iguana (D:8)
  7 worker ants
  A hound skeleton (D:8)
  4 gnolls (D:5)
  10 adders
  5 white imps
  4 oozes
  4 worms
  4 dart slugs (D:1)
  3 leopard geckos
  28 orcs
  3 ball pythons
  8 bats
  4 giant cockroaches
  9 hobgoblins
  7 jackals
  8 kobolds
  4 quokkas
  9 frilled lizards
  A giant cockroach zombie (D:2)
  6 goblins
  A jackal skeleton (D:4)
  2 jackal zombies
  A quokka skeleton (D:5)
  8 rats
199 creatures vanquished.

Vanquished Creatures (others)
  6 withered plants (D:7)
6 creatures vanquished.

Grand Total: 205 creatures vanquished

Notes
Turn   | Place    | Note
-------+----------+-------------------------------------------
     0 | D:1      | DearestLeader the Gargoyle Earth Elementalist began the
                  | quest for the Orb.
     0 | D:1      | Reached XP level 1. HP: 10/10 MP: 3/3
    47 | D:1      | Upgraded the game from 0.26.0-15-gc6cd9f700b to
                  | 0.26.0-16-gc1dbca0489
    99 | D:1      | Reached skill level 4 in Earth Magic
   290 | D:1      | Reached XP level 2. HP: 14/15 MP: 5/5
   762 | D:1      | Reached XP level 3. HP: 12/19 MP: 6/6
   767 | D:1      | Reached skill level 5 in Earth Magic
   909 | D:1      | Learned a level 2 spell: Passwall
   913 | D:1      | Learned a level 3 spell: Stone Arrow
  2008 | D:2      | Found a stormy altar of Qazlal.
  2352 | D:2      | Reached XP level 4. HP: 19/24 MP: 7/7
  2450 | D:2      | Reached skill level 6 in Earth Magic
  2522 | D:2      | Found a glowing silver altar of Zin.
  3578 | D:3      | Reached XP level 5. HP: 26/28 MP: 3/8
  3855 | D:3      | Reached skill level 7 in Earth Magic
  4651 | D:4      | Reached XP level 6. HP: 25/32 MP: 5/9
  5441 | D:5      | Entered Level 5 of the Dungeon
  5453 | D:5      | Reached skill level 8 in Earth Magic
  5652 | D:5      | Identified Sif Muna's Guide on Excruciating Flight
  5660 | D:5      | Learned a level 5 spell: Lee's Rapid Deconstruction
  5798 | D:5      | Reached XP level 7. HP: 36/36 MP: 11/11
  5953 | D:5      | Found a shadowy altar of Dithmenos.
  5956 | D:5      | Found a hide-covered altar of Uskayaw.
  5959 | D:5      | Reached skill level 9 in Earth Magic
  5962 | D:5      | Found a snail-covered altar of Cheibriados.
  5964 | D:5      | Found a blossoming altar of Fedhas.
  5965 | D:5      | Found a shimmering altar of Xom.
  6113 | D:5      | Found a blossoming altar of Fedhas.
  6415 | D:6      | Noticed Duvessa
  6415 | D:6      | Noticed Dowan
  6422 | D:6      | Killed Dowan
  6424 | D:6      | Killed Duvessa
  6544 | D:6      | Reached XP level 8. HP: 41/41 MP: 14/14
  6623 | D:6      | Reached skill level 1 in Conjurations
  6623 | D:6      | Reached skill level 10 in Earth Magic
  6742 | D:6      | Noticed Grinder
  6749 | D:6      | Killed Grinder
  6921 | D:6      | Noticed Edmund
  6930 | D:6      | Killed Edmund
  7150 | D:6      | Reached skill level 5 in Spellcasting
  7163 | D:6      | Reached skill level 11 in Earth Magic
  7309 | D:6      | Reached XP level 9. HP: 12/45 MP: 16/16
  7313 | D:6      | Learned a level 3 spell: Mephitic Cloud
  7575 | D:6      | Found a staircase to the Ecumenical Temple.
  7591 | Temple   | Entered the Ecumenical Temple
  8152 | D:7      | Reached skill level 1 in Shields
  8393 | D:7      | Found Tiac's Magic Scroll Shoppe.
  8396 | D:7      | Bought 2 scrolls of teleportation for 84 gold pieces
  8396 | D:7      | Bought a scroll of teleportation for 42 gold pieces
  8396 | D:7      | Bought a scroll of blinking for 105 gold pieces
  8398 | D:7      | Found Kuwant's Weapon Shop.
  8523 | D:7      | Found Zet Suth's Armour Shoppe.
  8583 | D:7      | Found a runed translucent gate.
  8583 | D:7      | Found a runed translucent gate.
  8584 | D:7      | Found a runed translucent gate.
  8585 | D:7      | Noticed FreshCat's ghost (novice TeAE)
  8585 | D:7      | Noticed Acheron's ghost (novice TrFE)
  8764 | D:8      | Found Xulu's Distillery.
  8767 | D:8      | Bought 2 potions of heal wounds for 110 gold pieces
  8784 | D:8      | Found Emnowk's Weapon Shop.
  8793 | D:8      | Found Kumneg's Assorted Antiques.
  8794 | D:8      | Found Vokk's Armour Emporium.
  8827 | D:8      | Reached skill level 12 in Earth Magic
  8946 | D:8      | Found Rebecog's Magic Scroll Shop.
  9408 | D:8      | Reached skill level 5 in Conjurations
  9504 | D:8      | Noticed a two-headed ogre
  9510 | D:8      | Killed a two-headed ogre
  9511 | D:8      | Reached XP level 10. HP: 53/53 MP: 9/18
  9760 | D:8      | Found a staircase to the Lair.
  9814 | D:9      | Found a radiant altar of Vehumet.
  9833 | D:9      | Found an ornate altar of the Wu Jian Council.
  9835 | D:9      | Became a worshipper of Vehumet
  9848 | D:9      | Reached skill level 13 in Earth Magic
 10098 | D:9      | Killed from afar by a centaur

Illustrated notes

Levels and vault maps discovered:
D:1:      nzn_arrival_depleted_hourglass, layout_basic, hangedman_feature_mirror
D:2:      wander_river, layout_basic, nicolae_overflow_hidden_temple,
          nicolae_qazlal_general_emergency, minmay_misc_feat_pillars,
          glass_columns_b
D:3:      layout_basic, minmay_misc_feat_cross
D:4:      minmay_recursive_quarters, layout_cave_pods
D:5:      layout_cave_pools, minitemple, basic_altar, serial_glass,
          glass_columns_c, glass_columns_a, nrook_mini_vaults
D:6:      layout_gridville, minmay_temple_entry_junction, kennysheep_diamond,
          uniq_duvessa, uniq_edmund, uniq_grinder
D:7:      layout_basic, serial_shops, nicolae_shop_statue_plus, shop_fountains,
          shop, gammafunk_ghost_cemetery
D:8:      layout_basic, lair_entry_dummy, serial_shops, nicolae_shop_trees,
          nicolae_shop_crystal, nicolae_shop_crystal, nicolae_shop_behind_doors,
          shop_fountains
D:9:      layout_rooms, grunt_temple_overflow_open
Temple:   dshaligram_water_room_temple

Skill      XL: |  1  2  3  4  5  6  7  8  9 10 |
---------------+-------------------------------+-----
Earth Magic    | 4 5 6 7 8 9 11 12 13 | 13.3
Spellcasting   | 3 4 5 6 |  6.3
Conjurations   | 3 5 6 |  6.2
Shields        | 4 |  4.0
Fighting       | 2 3 |  3.3
Dodging        | |  1.5
Stealth        | |  2.1
Transmutations | |  0.7

Action                   |  1- 3 |  4- 6 |  7- 9 | 10-12 || total
-------------------------+-------+-------+-------+-------++-------
Melee: Dagger            |   210 |   225 |    39 |       ||   474
       Unarmed           |     2 |       |       |       ||     2
       Trident           |       |       |    89 |    26 ||   115
 Cast: Sandblast         |     9 |    58 |    37 |     2 ||   106
       Stone Arrow       |       |       |    69 |     9 ||    78
       Lee's Rapid Decon |       |       |     3 |     7 ||    10
  Use: Scroll            |     3 |     2 |     3 |       ||     8
 Stab: Sleeping          |     3 |     3 |       |       ||     6
Armor: Robe              |    81 |    95 |    60 |    15 ||   251
Dodge: Dodged            |   143 |   167 |   103 |    15 ||   428
Block: Other             |       |    24 |    40 |       ||    64
       Reflection        |       |       |     6 |       ||     6
       Buckler           |       |       |     4 |    18 ||    22
